 Dungeon Crawl Stone Soup version 0.25.1-2-g60ff931df9 (webtiles) character file.

Game seed: 14410046580214371208

43920 Curus the Severer (level 13, 0/101 HPs)
             Began as a Demonspawn Gladiator on Nov 11, 2020.
             Was a Priest of Trog.
             Slain by an orc warrior
             ... wielding a +1 dire flail of holy wrath
             ... led by an orc knight
              (23 damage)
             ... on level 1 of the Orcish Mines.
             The game lasted 01:53:06 (22011 turns).

Curus the Severer (Demonspawn Gladiator)           Turns: 22011, Time: 01:53:06

Health: 0/101      AC: 22    Str: 19    XL:     13   Next: 93%
Magic:  18/18      EV:  7    Int: 11    God:    Trog [***...]
Gold:   789        SH:  5    Dex: 16    Spells: 12/12 levels left

rFire    . . .     SeeInvis .   N - +1 battleaxe
rCold    + . .     Gourm    .   (shield currently unavailable)
rNeg     + . .     Faith    .   l - +0 plate armour
rPois    .         Spirit   .   (helmet restricted)
rElec    .         Reflect  +   n - +0 cloak
rCorr    +         Harm     .   B - +2 pair of gloves
MR       .....                  (boots unavailable)
Stlth    ..........             t - amulet of reflection
HPRegen  1.26/turn              F - ring of positive energy
MPRegen  0.16/turn              (no ring)

@: no status effects
A: hooves 3, horns 1, yellow scales 3, clever 1, cold resistance 1, demonic
guardian 1, powered by death 1
a: Berserk, Trog's Hand, Renounce Religion


You were on level 1 of the Orcish Mines.
You worshipped Trog.
Trog was most pleased with you.
You were not hungry.

You visited 3 branches of the dungeon, and saw 17 of its levels.
You also visited: Volcano.

You collected 1024 gold pieces.
You spent 235 gold pieces at shops.

Inventory:

Hand Weapons
 a - a +1 war axe
 k - a +1 war axe of flaming
 N - a +1 battleaxe (weapon)
Missiles
 d - 4 throwing nets (quivered)
Armour
 b - a +0 leather armour
 c - a +0 helmet
 g - a +0 scale mail
 l - a +0 plate armour (worn)
 m - a +0 chain mail
 n - a +0 cloak (worn)
 A - the +0 leather armour of Usmopp {rCorr MP+9 Int+9 Dex-5}
   (You found it on level 8 of the Dungeon)

   It affects your intelligence (+9).
   It affects your dexterity (-5).
   It affects your magic capacity (+9).
   It provides partial protection from all sources of acid and corrosion.
 B - a +2 pair of gloves (worn)
Jewellery
 j - an uncursed amulet of inaccuracy
 o - an uncursed ring of wizardry
 t - an amulet of reflection (around neck)
 z - an uncursed ring of wizardry
 D - an uncursed amulet of magic regeneration
 E - an uncursed ring of ice
 F - a ring of positive energy (left hand)
 J - an uncursed amulet of faith
 O - an uncursed ring of resist corrosion
Wands
 w - a wand of clouds (4)
 x - a wand of random effects (29)
 y - a wand of flame (20)
 C - a wand of digging (13)
 I - a wand of iceblast (8)
Scrolls
 e - 4 scrolls of amnesia
 h - 9 scrolls of remove curse
 i - 21 scrolls of identify
 q - 6 scrolls of teleportation
 r - 2 scrolls of blinking
 G - a scroll of fog
 H - a scroll of fear
 L - a scroll of magic mapping
Potions
 p - a potion of resistance
 s - 2 potions of haste
 u - 5 potions of curing
 v - a potion of heal wounds
 K - 3 potions of cancellation
 M - a potion of magic
Comestibles
 f - 30 rations


   Skills:
 - Level 9.0 Fighting
 * Level 17.3 Axes
 - Level 1.7 Throwing
 - Level 7.9 Armour
 - Level 2.6 Dodging
 - Level 7.2 Evocations


You had 12 spell levels left.
You didn't know any spells.
Your spell library contained the following spells:

 Spells                   Type           Power        Failure   Level  Hunger
 Magic Dart               Conj           #...         100%        1    ##.....
 Searing Ray              Conj           #.....       100%        2    ###....
 Confusing Touch          Hex            #.......     100%        3    ####...
 Dazzling Flash           Conj/Hex       #.....       100%        3    ####...
 Gell's Gravitas          Tloc           #.........   100%        3    ####...
 Fulminant Prism          Conj/Hex       #.........   100%        4    #####..
 Iskenderun's Mystic Bla  Conj/Tloc      #.......     100%        4    #####..
 Petrify                  Tmut/Erth      #.......     100%        4    #####..
 Metabolic Englaciation   Hex/Ice        #.........   100%        5    ######.
 Yara's Violent Unravell  Hex/Tmut       #.........   100%        5    ######.


Dungeon Overview and Level Annotations

Branches:
Dungeon (10/15)              Lair (6/6) D:10         Shoals (0/4) Lair:2
  Snake (0/4) Lair:2        Slime (0/5) Lair:6          Orc (1/2) D:9
Volcano (visited)
 Temple: D:4-7

Altars:
Cheibriados
Elyvilon
Gozag
Hepliaklqana
Trog
The Shining One
Jiyva

Shops:
D:4 (   D:5 *


Innate Abilities, Weirdness & Mutations

You have hooves in place of feet.
You are completely covered in yellow scales. (AC +4, rCorr)
A weak demonic guardian rushes to your aid.
You regenerate a little health from kills.
You have a pair of small horns on your head.
Your mind is acute. (Int +2)
Your flesh is cold resistant. (rC+)


Message History

Your iron imp hits the orc warrior but does no damage.
The orc warrior closely misses you.
You closely miss the orc warrior.
You kick the orc warrior, but do no damage.
Your plate armour prevents you from hitting the orc warrior.
You closely miss the orc warrior. You barely miss the orc warrior.
You slash the orc warrior!
You kill the orc warrior!
Trog accepts your kill.
An orc wizard comes into view. It is wielding a +0 dagger.
You block the orc warrior's attack.
An orc comes into view.
The orc warrior hits you with a +0 battleaxe!
The orc warrior hits you with a +0 mace.
Your iron imp barely misses the orc.
The orc warrior hits you but does no damage.
The orc warrior hits you with a +1 dire flail of holy wrath!!
* * * LOW HITPOINT WARNING * * *
You convulse!!
You die...

......oo......
.#$..ooo..#....
.$..........$..
........o....$.
.......o.......
.......o.5.....
......ooo.....#
.....oo@o...>..
......o.รท....$.
..............#
...##.#..##.###
## ###### #


You could see 2 orc knights, 4 orc warriors, 2 orc wizards, 7 orcs and a
friendly iron imp (summoned).

Vanquished Creatures
  The ghost of Amplified the Cleaver, a journeyman MiEE of the Shining One (Lair:6)
  3 entropy weavers (Lair:5)
  2 dire elephants (Lair:6)
  An ettin (D:9)
  2 hydras
  Fannar (D:10)
  A catoblepas (Lair:6)
  2 ghost crabs (Lair:5)
  2 two-headed ogres (D:10)
  A queen ant (Lair:3)
  Nergalle (Lair:4)
  5 fire crabs (Lair:5)
  Pikel (D:9)
  An orc knight (Orc:1)
  A lindwurm (Lair:6)
  2 manticores (Lair:6)
  An apocalypse crab (Lair:5)
  4 elephants (Lair:5)
  3 black mambas
  2 gargoyles (Volcano)
  A torpor snail (Lair:4)
  6 spiny frogs
  2 rime drakes (Lair:6)
  3 komodo dragons
  An efreet (Volcano)
  A troll (D:10)
  2 merfolk (Lair:2)
  2 hornets
  5 blink frogs
  8 hippogriffs
  3 dream sheep
  A spectral black mamba (Lair:6)
  A shadow (D:9)
  A wyvern (Lair:2)
  21 yaks
  A human (D:9)
  Grum (D:9)
  3 basilisks
  3 fire bats (Lair:5)
  A steam dragon (D:8)
  7 soldier ants (Lair:3)
  Edmund (D:6)
  A spectral spiny frog (Lair:6)
  2 hydra simulacra (Lair:6)
  An acid dragon (D:10)
  8 water moccasins
  11 porcupines
  A black bear (Lair:3)
  5 orc warriors
  A slave (D:9)
  An ice beast (D:6)
  4 ogres
  5 phantoms
  2 black mamba simulacra (Lair:6)
  4 centaurs
  9 wolves
  6 crocodiles
  3 big kobolds (D:10)
  10 bullfrogs
  A gnoll sergeant (D:6)
  An earth elemental (Volcano)
  4 scorpions
  9 howler monkeys
  3 electric eels (Lair:2)
  3 crimson imps
  A bullfrog zombie (D:7)
  A hound (D:8)
  5 orc priests
  A centaur zombie (D:5)
  A jelly (D:10)
  7 orc wizards
  A bullfrog skeleton (D:10)
  5 iguanas
  26 worker ants
  2 hound skeletons (D:4)
  2 gnolls (D:6)
  9 adders
  A shadow imp (D:8)
  2 oozes (D:4)
  3 dart slugs
  7 leopard geckos
  38 orcs
  10 giant cockroaches
  13 goblins
  11 hobgoblins
  4 jackals
  4 quokkas
  A ball python (D:3)
  9 bats
  5 frilled lizards
  11 kobolds
  A quokka skeleton (D:8)
  A quokka zombie (D:8)
  7 rats
  2 fungi
398 creatures vanquished.

Vanquished Creatures (collateral kills)
  A two-headed ogre (D:10)
  2 spiny frogs
  4 blink frogs (Lair:4)
  A hippogriff (Lair:1)
  A yak (Lair:2)
  A water moccasin (Lair:6)
  A black bear (Lair:2)
  An ogre (D:5)
  A crocodile (D:8)
  A bullfrog (D:6)
  A hound (D:6)
  3 orc priests
  3 orc wizards
  Robin (D:2)
  2 gnolls (D:6)
  A leopard gecko (D:6)
  2 orcs
  A giant cockroach (D:2)
  A goblin (D:2)
  A hobgoblin (D:2)
30 creatures vanquished.

Vanquished Creatures (others)
  A hornet (Lair:6)
  A slave (D:9)
  An earth elemental (Volcano)
  An orc (D:9)
  9 fungi
  20 plants
33 creatures vanquished.

Grand Total: 461 creatures vanquished

Notes
Turn   | Place    | Note
-------+----------+-------------------------------------------
     0 | D:1      | Curus the Demonspawn Gladiator began the quest for the Orb.
     0 | D:1      | Reached XP level 1. HP: 16/16 MP: 1/1
   101 | D:1      | Reached skill level 3 in Axes
   263 | D:1      | Gained mutation: A weak demonic guardian rushes to your
                  | aid. [demonic ancestry]
   263 | D:1      | Reached XP level 2. HP: 21/22 MP: 2/2
   510 | D:1      | Found a glowing golden altar of the Shining One.
   939 | D:2      | Gained mutation: You have large cloven feet. [demonic
                  | ancestry]
   939 | D:2      | Reached XP level 3. HP: 24/27 MP: 3/3
  1047 | D:2      | Noticed Robin
  1053 | D:2      | Reached skill level 4 in Axes
  1080 | D:2      | Killed Robin
  1462 | D:2      | Found an opulent altar of Gozag.
  1549 | D:2      | Gained mutation: You have hoof-like feet. [demonic
                  | ancestry]
  1549 | D:2      | Reached XP level 4. HP: 33/33 MP: 4/4
  2342 | D:3      | Noticed a phantom
  2360 | D:3      | Killed a phantom
  2360 | D:3      | Reached skill level 5 in Axes
  2360 | D:3      | Gained mutation: You have hooves in place of feet. [demonic
                  | ancestry]
  2360 | D:3      | Reached XP level 5. HP: 19/38 MP: 5/5
  3125 | D:4      | Reached skill level 6 in Axes
  3405 | D:4      | Gained mutation: You are partially covered in yellow
                  | scales. (AC +2) [demonic ancestry]
  3405 | D:4      | Reached XP level 6. HP: 35/44 MP: 6/6
  3928 | D:4      | Found Guen's Antique Weapon Boutique.
  3935 | D:4      | Bought a runed war axe for 130 gold pieces
  4328 | D:5      | Entered Level 5 of the Dungeon
  4438 | D:5      | Reached skill level 7 in Axes
  4469 | D:5      | Found Katoap's General Store.
  4502 | D:5      | Bought a scroll of blinking for 105 gold pieces
  4879 | D:6      | Gained mutation: You regenerate a little health from kills.
                  | [demonic ancestry]
  4879 | D:6      | Reached XP level 7. HP: 8/50 MP: 7/7
  5204 | D:6      | Noticed Edmund
  5227 | D:6      | Killed Edmund
  5295 | D:6      | Found a snail-covered altar of Cheibriados.
  5296 | D:6      | Found a white marble altar of Elyvilon.
  5300 | D:6      | Reached skill level 8 in Axes
  5559 | D:6      | Reached skill level 9 in Axes
  5559 | D:6      | Gained mutation: You are mostly covered in yellow scales.
                  | (AC +3) [demonic ancestry]
  5559 | D:6      | Reached XP level 8. HP: 19/56 MP: 8/8
  5717 | D:6      | Gained mutation: Your mind is acute. (Int +2) [potion of
                  | mutation]
  5717 | D:6      | Gained mutation: You have a pair of small horns on your
                  | head. [potion of mutation]
  5717 | D:6      | Gained mutation: Your flesh is cold resistant. (rC+)
                  | [potion of mutation]
  5981 | D:7      | Found a hazy altar of Hepliaklqana.
  6587 | D:7      | Reached skill level 10 in Axes
  6844 | D:8      | Noticed a hippogriff
  6851 | D:8      | Killed a hippogriff
  7059 | D:8      | Noticed a hippogriff
  7065 | D:8      | Killed a hippogriff
  7065 | D:8      | Reached skill level 11 in Axes
  7065 | D:8      | Reached XP level 9. HP: 61/61 MP: 9/9
  7610 | D:8      | Got a faintly humming leather armour
  7827 | D:8      | Identified the +0 leather armour of Usmopp {rCorr MP+9
                  | Int+9 Dex-5} (You found it on level 8 of the Dungeon)
  7973 | D:9      | Reached skill level 12 in Axes
  8363 | D:9      | Noticed Grum
  8528 | D:9      | Found a staircase to the Orcish Mines.
  8540 | D:9      | Noticed Pikel
  8556 | D:9      | Killed Pikel
  8556 | D:9      | Reached skill level 13 in Axes
  8556 | D:9      | Reached XP level 10. HP: 45/67 MP: 10/10
  9070 | D:9      | Killed Grum
  9162 | D:9      | Found a bloodstained altar of Trog.
  9171 | D:9      | Became a worshipper of Trog the Wrathful
  9402 | D:10     | Entered Level 10 of the Dungeon
  9504 | D:10     | Noticed a three-headed hydra
  9509 | D:10     | Killed a one-headed hydra
  9509 | D:10     | Reached skill level 14 in Axes
  9879 | D:10     | Noticed Fannar
  9889 | D:10     | Reached * piety under Trog
  9896 | D:10     | Killed Fannar
  9921 | D:10     | Noticed a two-headed ogre
  9929 | D:10     | Killed a two-headed ogre
  9929 | D:10     | Reached skill level 15 in Axes
  9929 | D:10     | Gained mutation: You are completely covered in yellow
                  | scales. (AC +4, rCorr) [demonic ancestry]
  9929 | D:10     | Reached XP level 11. HP: 40/72 MP: 11/11
  9994 | D:10     | Noticed a two-headed ogre
  9997 | D:10     | Noticed Sonja
 10255 | D:10     | Found a bloodstained altar of Trog.
 10309 | D:10     | Noticed Sonja
 10309 | D:10     | Sonja changed into Sonja the acid dragon
 10316 | D:10     | HP: 3/72 [poisoned by Sonja (curare-tipped dart)]
 10442 | D:10     | Noticed a two-headed ogre
 10506 | D:10     | Killed a two-headed ogre
 10661 | D:10     | Killed Sonja the acid dragon
 10793 | D:10     | Found a staircase to the Lair.
 10821 | D:10     | Killed a two-headed ogre
 11018 | Lair:1   | Entered Level 1 of the Lair of Beasts
 11115 | Lair:1   | Reached skill level 1 in Armour
 11673 | Lair:1   | Noticed a six-headed hydra
 11680 | Lair:1   | Killed a two-headed hydra
 12266 | Lair:2   | Found a staircase to the Snake Pit.
 12823 | Lair:2   | Reached ** piety under Trog
 12902 | Lair:2   | Reached skill level 5 in Fighting
 13691 | Lair:2   | Found a staircase to the Shoals.
 13716 | Lair:2   | Reached XP level 12. HP: 40/87 MP: 12/12
 14115 | Lair:3   | Reached skill level 5 in Armour
 14989 | Lair:3   | Noticed a queen ant
 15013 | Lair:3   | Killed a queen ant
 15083 | Lair:3   | Reached *** piety under Trog
 16625 | Lair:4   | Noticed Nergalle
 16645 | Lair:4   | Killed Nergalle
 17275 | Lair:5   | Reached **** piety under Trog
 17281 | Lair:5   | Found a dark tunnel.
 17294 | Volcano  | Entered a volcano
 17315 | Volcano  | Reached skill level 1 in Evocations
 17637 | Lair:5   | Reached skill level 16 in Axes
 17696 | Lair:5   | Reached XP level 13. HP: 96/101 MP: 14/14
 17775 | Lair:5   | Found a runed translucent door.
 18413 | Lair:5   | Noticed an entropy weaver
 18422 | Lair:5   | Killed an entropy weaver
 18795 | Lair:5   | Noticed an entropy weaver
 18807 | Lair:5   | Killed an entropy weaver
 18971 | Lair:5   | Reached skill level 5 in Evocations
 19135 | Lair:5   | Noticed an entropy weaver
 19146 | Lair:5   | Killed an entropy weaver
 19387 | Lair:6   | Entered Level 6 of the Lair of Beasts
 19388 | Lair:6   | Found a viscous altar of Jiyva.
 19389 | Lair:6   | Found a staircase to the Slime Pits.
 19488 | Lair:6   | Noticed a dire elephant
 19506 | Lair:6   | Killed a dire elephant
 19524 | Lair:6   | Paralysed by a hornet for 3 turns
 20047 | Lair:6   | Noticed a dire elephant
 20838 | Lair:6   | Found a runed translucent gate.
 20838 | Lair:6   | Found a runed translucent gate.
 20838 | Lair:6   | Found a runed translucent gate.
 20843 | Lair:6   | Noticed Amplified's ghost (journeyman MiEE)
 21125 | Lair:6   | Reached skill level 17 in Axes
 21135 | Lair:6   | Killed a dire elephant
 21518 | Lair:6   | Killed Amplified's ghost
 21771 | Orc:1    | Entered Level 1 of the Orcish Mines
 21771 | Orc:1    | Noticed an ettin
 21784 | D:9      | Killed an ettin
 22011 | Orc:1    | Slain by an orc warrior

Illustrated notes

Levels and vault maps discovered:
D:1:      minmay_arrival_stone_box, layout_basic, tso_altar
D:2:      layout_basic, nicolae_gozag_cash_rules_everything_around_me,
          uniq_robin
D:3:      layout_loops_ring, minmay_diced_spiral
D:4:      layout_cave_pods, minmay_temple_entry_from_below_a, serial_shops,
          nicolae_shop_waterfront
D:5:      layout_cave_pools, serial_shops, shop, first_ration
D:6:      layout_basic, gammafunk_temple_overflow_pools, kennysheep_dice,
          uniq_edmund
D:7:      layout_loops_ring, basic_altar
D:8:      layout_gridville
D:9:      layout_cave_pools, overflow_temple_1_default, erik_orc_4, uniq_grum,
          uniq_pikel
D:10:     layout_small_grid, minmay_lair_entry_grove, hangedman_ranch
          [blue_anna_fruit_fields], bloody_trog, uniq_fannar, uniq_sonja
Lair:1:   wander_river, layout_loops_ring, minivault_26
Lair:2:   layout_small_grid, elwin_shoals_entry_rooms, dummy_snake_entry,
          grunt_megastairs_3, serial_bayou_shore_b
Lair:3:   layout_layer_cave, zaba_antful_of_joy, lemuel_fruit_tree
Lair:4:   layout_small_grid, st_stairs_9, uniq_nergalle
Lair:5:   gammafunk_mikee_crab_dinner, layout_regular_city,
          nicolae_volcano_entry_batcave
Lair:6:   hangedman_lair_in_review, layout_regular_city, slime_altar_1,
          gammafunk_ghost_necromancy, infiniplex_staircase_pool_2
Orc:1:    layout_caves, sword_in_stone, uniq_urug

Skill      XL: |  1  2  3  4  5  6  7  8  9 10 11 12 13 |
---------------+----------------------------------------+-----
Axes           | 3 4 5 6 7 9 11 13 15 16 17 | 17.3
Armour         | 4 7 |  7.9
Fighting       | 5 9 |  9.0
Evocations     | 2 7 |  7.2
Throwing       | |  1.7
Dodging        | |  2.6

Action                   |  1- 3 |  4- 6 |  7- 9 | 10-12 | 13-15 || total
-------------------------+-------+-------+-------+-------+-------++-------
Melee: War axe           |   121 |   187 |   294 |   475 |       ||  1077
       Kick              |     5 |    53 |    89 |   226 |    94 ||   467
       Headbutt          |       |       |    42 |   152 |    47 ||   241
       Battleaxe         |       |       |       |   167 |   226 ||   393
Invok: Berserk           |       |       |       |     2 |     9 ||    11
       Trog's Hand       |       |       |       |       |     1 ||     1
Evoke: Wand              |       |       |       |     4 |     1 ||     5
  Use: Scroll            |     2 |     6 |     6 |     5 |     1 ||    20
       Potion            |     3 |     6 |     3 |     6 |     2 ||    20
 Stab: Distracted        |     1 |     1 |     2 |    10 |     3 ||    17
       Petrified         |       |       |       |       |     5 ||     5
       Petrifying        |       |       |       |       |     1 ||     1
  Eat: Chunk             |     2 |    10 |    11 |    25 |     9 ||    57
       Ration            |       |       |     1 |     1 |     4 ||     6
Armor: Scale mail        |    45 |    64 |       |       |       ||   109
       Leather armour    |     2 |       |       |       |       ||     2
       Chain mail        |       |    10 |       |       |       ||    10
       Plate armour      |       |    27 |   169 |   329 |   197 ||   722
Dodge: Dodged            |    61 |    96 |    54 |   125 |    70 ||   406
Block: Other             |       |       |    73 |    62 |    54 ||   189
       Reflection        |       |       |     2 |     3 |     3 ||     8
